 Dungeon Crawl Stone Soup version 0.27-a0-906-g0a00ce863d (webtiles) character file.

Game seed: 13068677202616437867

33 wakim the Insei (level 3, -3/23 HPs)
             Began as an Octopode Transmuter on Apr 7, 2021.
             Was an Initiate of Gozag.
             Slain by a wyvern skeleton (6 damage)
             ... on level 2 of the Dungeon.
             The game lasted 00:03:24 (2224 turns).

wakim the Insei (Octopode Transmuter)               Turns: 2224, Time: 00:03:25

Health: -3/23      AC:  1    Str:  9    XL:     3   Next: 29%
Magic:  5/6        EV: 13    Int: 16    God:    Gozag
Gold:   133        SH:  0    Dex: 12    Spells: 5/6 levels left

rFire    . . .     SeeInvis .     - Unarmed
rCold    . . .     Faith    .   (no shield)
rNeg     . . .     Spirit   .   (helmet currently unavailable)
rPois    .         Reflect  .   (no amulet)
rElec    .         Harm     .   (no ring)
rCorr    .         Rampage  .   (no ring)
Will     .....                  (no ring)
Stlth    +++.......             (no ring)
HPRegen  0.07/turn              (no ring)
MPRegen  0.10/turn              (no ring)
                                (no ring)
                                (no ring)

@: appendages
A: tentacle spike 3, almost no armour, amphibious, 8 rings, camouflage 1,
gelatinous body 1, (nimble swimmer 1), tentacles
a: End Transformation, Renounce Religion, Potion Petition, Call Merchant, Bribe
Branch


You were on level 2 of the Dungeon.
You worshipped Gozag.
Gozag was aware of your devotion.
One of your tentacles had grown a beastly spike.
You visited 1 branch of the dungeon, and saw 2 of its levels.

You collected 133 gold pieces.

Inventory:

Missiles
 f - 16 sling bullets
Scrolls
 g - a scroll of enchant weapon {unknown}
Potions
 a - a potion of heal wounds {unknown}
 b - 2 potions of resistance {unknown}
 c - 2 potions of might {unknown}
 d - a potion of curing {unknown}
 e - a potion of degeneration {unknown}


   Skills:
 - Level 1.0 Fighting
 + Level 2.3 Dodging
 * Level 2.4 Stealth
 * Level 3.5 Unarmed Combat
 - Level 2.0 Spellcasting
 - Level 2.0 Transmutations


You had 5 spell levels left.
You knew the following spells:

 Your Spells              Type           Power      Damage    Failure   Level
a - Beastly Appendage     Tmut           16%        N/A       9%          1

Your spell library contained the following spells:

 Spells                   Type           Power      Damage    Failure   Level
 Wereblood                Tmut           8%         N/A       14%         2
 Spider Form              Tmut/Pois      2%         N/A       38%         3
 Ice Form                 Ice/Tmut       4%         N/A       80%         4
 Hydra Form               Tmut           4%         N/A       94%         5


Dungeon Overview and Level Annotations

Branches:
Dungeon (2/15)

Altars:
Gozag
Hepliaklqana

Shops:
D:2 [


Innate Abilities, Weirdness & Mutations

One of your tentacles has grown a beastly spike.
You cannot wear most types of armour.
You are amphibious.
You can wear up to eight rings at the same time.
Your skin changes colour to match your surroundings (Stealth+).
Your rubbery body absorbs attacks. (AC +1, EV +1)
((You are camouflaged near water. (Stealth+)))
You have tentacles for arms and can constrict up to eight enemies at once.


Message History

The worm bites you.
You tentacle-slap the worm but do no damage.
Your grab misses the worm. The worm bites you!
You tentacle-slap the worm. You grab the worm. You squeeze the worm.
The worm is heavily wounded.
You constrict the worm. You barely miss the worm.
The worm is heavily wounded.
You constrict the worm. The worm bites you.
* * * LOW HITPOINT WARNING * * *
You tentacle-slap the worm.
The worm is severely wounded.
You constrict the worm. You tentacle-slap the worm. You squeeze the worm.
You kill the worm!
You now have 133 gold pieces (gained 9).
There is an entrance to Zophut's Armour Emporium here.
Your transformation is almost over.
Your tentacle spike disappears.
HP restored.
A wyvern skeleton comes into view.
Casting: Beastly Appendage (safe; 9% risk of failure)
Confirm with . or Enter, or press ? or * to list all spells.
One of your tentacles grows a vicious spike.
You tentacle-slap the wyvern skeleton. You squeeze the wyvern skeleton!
The wyvern skeleton is moderately damaged.
The wyvern skeleton closely misses you.
You completely miss the wyvern skeleton.
You pierce the wyvern skeleton.
The wyvern skeleton is heavily damaged.
The wyvern skeleton bites you!
Ouch! That really hurt!
* * * LOW HITPOINT WARNING * * *
The wyvern skeleton bites you!
* * * LOW HITPOINT WARNING * * *
You tentacle-slap the wyvern skeleton. You squeeze the wyvern skeleton.
The wyvern skeleton is severely damaged.
The wyvern skeleton bites you.
You die...
Your body crumbles into a pile of gold.

#.# #.### ...># #.#.#
#.#.# #.#.######### #
#Z#.#.......#
##.##@#.#.#####.#
#.............#
........#...###.#
....._.......#..#
..........##...##
........#..#.∩.#
...#.#..#.##...######
...#.#.......#......#
+ .....#######.###


You could see a wyvern skeleton.

Vanquished Creatures
  A worm (D:2)
  2 ball pythons
  3 endoplasms (D:1)
  4 giant cockroaches (D:1)
  A goblin (D:1)
  5 hobgoblins (D:1)
  3 kobolds (D:1)
  A quokka (D:1)
  3 bats (D:1)
  A frilled lizard (D:1)
  2 rats (D:1)
26 creatures vanquished.

Notes
Turn   | Place    | Note
-------+----------+-------------------------------------------
     0 | D:1      | wakim the Octopode Transmuter began the quest for the Orb.
     0 | D:1      | Reached XP level 1. HP: 13/13 MP: 3/3
   132 | D:1      | Reached skill level 1 in Stealth
   271 | D:1      | Reached XP level 2. HP: 14/18 MP: 5/5
   851 | D:1      | Found a faded altar of an unknown god.
   859 | D:1      | Became a worshipper of Gozag Ym Sagoz the Greedy
  1170 | D:1      | Reached XP level 3. HP: 23/23 MP: 6/6
  2010 | D:2      | Found Zophut's Armour Emporium.
  2015 | D:2      | Found a hazy altar of Hepliaklqana.
  2224 | D:2      | Slain by a wyvern skeleton

Illustrated notes

Levels and vault maps discovered:
D:1:      heliophobic_arrival_glass_houses, layout_basic, basic_ecumenical_altar
D:2:      layout_basic, basic_altar, serial_shops, nicolae_shop_stone

Skill      XL: |  1  2 |
---------------+-------+-----
Stealth        | 1 2 |  2.4
Fighting       | |  1.0
Dodging        | |  2.3
Unarmed Combat | |  3.5
Spellcasting   | |  2.0
Transmutations | |  2.0

Action                   || total
-------------------------++-------
Melee: Unarmed           ||    56
       Kick              ||    12
       Tentacles         ||    12
       Constrict         ||    16
       Punch             ||     1
 Cast: Beastly Appendage ||    15
 Stab: Sleeping          ||     8
Armor: Skin              ||     1
Dodge: Dodged            ||    30

Table legend: (Time is in decaauts)
 A = Elapsed time spent in this place.
 B = Non-inter-level travel time spent in this place.
 C = Inter-level travel time spent in this place.
 D = Time resting spent in this place.
 E = Time spent auto-exploring this place.
 F = Levels seen in this place.
 G = Mean time per level.
                   A        B        C        D        E       F      G
               +--------+--------+--------+--------+--------+-----+--------+
         Total |   2220 |   2151 |     69 |      0 |   1924 |   2 | 1110.0 |
       Dungeon |   2220 |   2151 |     69 |      0 |   1924 |   2 | 1110.0 |
               +--------+--------+--------+--------+--------+-----+--------+

Top non-repeatable levels by time:
     D:1: 1898 daAuts
     D:2: 322 daAuts
